 Dungeon Crawl Stone Soup version 0.29-a0-577-gafbf2c5d25 (webtiles) character file.

Game seed: 12354263138417576048

107 spaghetti the Prestidigitator (level 4, 27/32 HPs)
             Began as a Gnoll Wanderer on June 13, 2022.
             Quit the game on level 3 of the Dungeon.
             The game lasted 00:03:27 (2982 turns).

spaghetti the Prestidigitator (Gnoll Wanderer)      Turns: 2982, Time: 00:03:28

Health: 27/32      AC:  8    Str: 13    XL:     4   Next: 86%
Magic:  8/8        EV: 11    Int:  8    God:
Gold:   109        SH:  0    Dex: 15    Spells: 9/9 levels left

rFire   . . .      SeeInvis .   a - +0 quarterstaff {staff}
rCold   . . .      Faith    .   (shield currently unavailable)
rNeg    . . .      Spirit   .   f - +0 leather armour
rPois   .          Reflect  .   (no helmet)
rElec   .          Harm     .   (no cloak)
rCorr   .          Rampage  .   q - +0 pair of gloves
Will    .....                   (no boots)
Stlth   +.........              (no amulet)
HPRegen 0.10/turn               m - +4 ring of protection
MPRegen 0.11/turn               (no ring)

@: confused
A: fangs 1, strong nose, distributed training
a: no special abilities


You were on level 3 of the Dungeon.
You visited 1 branch of the dungeon, and saw 3 of its levels.

You collected 109 gold pieces.


Innate Abilities, Weirdness & Mutations

You have very sharp teeth.
Your uncanny sense of smell can sniff out nearby items.
Your experience applies equally to all skills.


   Skills:
 + Level 1.2 Fighting
 + Level 1.2 Short Blades
 + Level 1.2 Long Blades
 + Level 1.2 Axes
 + Level 1.2 Maces & Flails
 + Level 1.2 Polearms
 + Level 2.8 Staves
 + Level 1.2 Slings
 + Level 1.2 Bows
 + Level 1.2 Crossbows
 + Level 1.2 Throwing
 + Level 1.2 Armour
 + Level 1.2 Dodging
 + Level 2.6 Stealth
 + Level 1.2 Shields
 + Level 6.6 Unarmed Combat
 + Level 3.0 Spellcasting
 + Level 1.0 Conjurations
 + Level 1.0 Hexes
 + Level 1.0 Summonings
 + Level 1.0 Necromancy
 + Level 1.0 Translocations
 + Level 1.0 Transmutations
 + Level 1.0 Fire Magic
 + Level 1.0 Ice Magic
 + Level 1.0 Air Magic
 + Level 1.0 Earth Magic
 + Level 1.0 Poison Magic
 + Level 1.4 Invocations
 + Level 8.6 Evocations


You had 9 spell levels left.
You didn't know any spells.
Your spell library was empty.

Inventory:

Hand Weapons
 a - a +0 quarterstaff (weapon) {staff}
 o - a +1 short sword of draining {short}
   (You found it on level 2 of the Dungeon)
Missiles
 g - 146 stones {throwing}
 i - 3 boomerangs {throwing}
Armour
 f - a +0 leather armour (worn)
 q - a +0 pair of gloves (worn)
   (You found it on level 2 of the Dungeon)
Jewellery
 m - a +4 ring of protection (left hand)
   (You found it on level 1 of the Dungeon)
Wands
 d - a wand of flame (6) (quivered)
Scrolls
 c - 2 scrolls of blinking {!r}
 e - 2 scrolls of fear
 h - 2 scrolls of identify {unknown}
 l - a scroll of magic mapping {unknown}
 n - a scroll of silence {unknown}
 p - a scroll of immolation {unknown}
Potions
 b - 2 potions of heal wounds {@q2}
 j - a potion of flight {unknown}
 k - 2 potions of curing {unknown}
 r - a potion of brilliance {unknown}

Dungeon Overview and Level Annotations

Branches:
Dungeon (3/15)

Altars:

Shops:
D:1

=
#.........##..######
###.########.># #.#
#..# #.# #..#
#.########..#
#...........#
##########.##
##########.#
#@.........#
#..).{[##########
########


There were no monsters in sight!


Message History

Your Air Magic skill increases to level 1!
Your Earth Magic skill increases to level 1!
Your Poison Magic skill increases to level 1!
Unknown command.
Key pressed, stopping explore.
g - 146 stones {throwing} (gained 2)
Things that are here:
a +0 short sword {short}; a kobold corpse 😎 HP[+10]
Your hp is fully restored (32).
Found a stone staircase leading down.
You enter the shallow water.
Moving in this stuff is going to be slow.
r - a fuming dark potion
Found a stone staircase leading down.
An orc comes into view. It is wielding a +0 whip.
An orc is nearby!
An orc is nearby!
An orc is nearby!
An orc comes into view. It is wielding a +0 short sword.
The orc shouts!
An orc wizard comes into view. It is wielding a +0 dagger.
The orc shouts!
The orc wizard shouts!
You hit the orc. You bite the orc, but do no damage. The orc barely misses you.
The orc wizard mumbles some strange words.
The orc wizard flickers and vanishes!
Deactivating autopickup; reactivate with Ctrl-A.
The orc hits you but does no damage.
You hit the orc.
You kill the orc!
The orc barely misses you. The orc closely misses you.
You sock the orc!
You kill the orc!
Something hits you but does no damage.
No target in view!
No target in view!
No target in view!
No target in view!
No target in view!
No target in view!
No target in view!
No target in view!
No target in view!
No target in view!
No target in view!
No target in view!
No target in view!
No target in view!
No target in view!
No target in view!
No target in view!
No target in view!
No target in view!
No target in view!
No target in view!
No target in view!
No target in view!
No target in view!
No target in view!
Unknown command.
Okay, then.
You barely miss something. Your bite misses something.
You hear some strange, mumbled words.
A puff of flame appears from out of thin air!
The puff of flame hits you but does no damage. 🤖 Initializing magus.rc ...
Options error: Delay interrupt name "hungry" not recognised. (~/.crawlrc:4761) Options error: Bad monster_list_colour key: strict_neutral (~/.crawlrc:4776) Bad channel name for runrest: 'pray:' ✅ Successfully initialized magus.rc [v1.9.6] Welcome back, spaghetti the Gnoll Wanderer.
Press ? for a list of commands and other information.
Unknown command.
There is a strange disturbance nearby!
There is a strange disturbance nearby!
There is a strange disturbance nearby!
No target in view!
Deactivating autopickup; reactivate with Ctrl-A.
You miss something. Something hits you but does no damage.
You closely miss something. Something hits you. 😕 HP[-1]
You take 1 damage, and now have 31/32 hp.
You closely miss something. Your bite misses something.
You hear some strange, mumbled words.
You are confused.
You bump into the rock wall.
Something hits you but does no damage.
Unknown command.
You feel much better.
Something hits you but does no damage. 😎 HP[+1]
Your hp is fully restored (32).
You bump into the rock wall.
Something hits you but does no damage.
You bump into the rock wall.
Something hits you but does no damage.
You're too confused to move!
You hear some strange, mumbled words.
A magic dart appears from out of thin air!
The magic dart hits you. 😕 HP[-5]
You take 5 damage, and now have 27/32 hp.
Are you sure you want to abandon this character and quit the game? (Confirm with "yes".)

Skill      XL: |  1  2  3  4 |
---------------+-------------+-----
Invocations    | 1 |  1.4
Fighting       | 1 |  1.2
Short Blades   | 1 |  1.2
Long Blades    | 1 |  1.2
Axes           | 1 |  1.2
Maces & Flails | 1 |  1.2
Polearms       | 1 |  1.2
Slings         | 1 |  1.2
Bows           | 1 |  1.2
Crossbows      | 1 |  1.2
Throwing       | 1 |  1.2
Armour         | 1 |  1.2
Dodging        | 1 |  1.2
Shields        | 1 |  1.2
Spellcasting   | 3 |  3.0
Conjurations   | 1 |  1.0
Hexes          | 1 |  1.0
Summonings     | 1 |  1.0
Necromancy     | 1 |  1.0
Translocations | 1 |  1.0
Transmutations | 1 |  1.0
Fire Magic     | 1 |  1.0
Ice Magic      | 1 |  1.0
Air Magic      | 1 |  1.0
Earth Magic    | 1 |  1.0
Poison Magic   | 1 |  1.0
Staves         | |  2.8
Stealth        | |  2.6
Unarmed Combat | |  6.6
Evocations     | |  8.6

Action                   |  1- 3 |  4- 6 || total
-------------------------+-------+-------++-------
Melee: Quarterstaff      |   104 |    28 ||   132
       Bite              |     6 |     3 ||     9
  Use: Potion            |     1 |     1 ||     2
 Stab: Sleeping          |     6 |       ||     6
Armor: Leather armour    |    46 |    21 ||    67
Dodge: Dodged            |    49 |    15 ||    64

Levels and vault maps discovered:
D:1:      minmay_arrival_shattered_statue, layout_loops_cross, serial_shops,
          nicolae_square_shop, dilly_ecumenical_altar_fadedgnrine
D:2:      layout_basic
D:3:      minmay_roachtagon, layout_loops_ring, makhleb_altar_promises_db,
          serial_undead, serial_undead_b, serial_undead_f, serial_undead_d,
          serial_undead_f, serial_undead_e, serial_undead_f

Notes
Turn   | Place    | Note
-------+----------+-------------------------------------------
     0 | D:1      | spaghetti the Gnoll Wanderer began the quest for the Orb.
     0 | D:1      | spaghetti set off with the following items: a +0
                  | quarterstaff {staff}, a potion of heal wounds {@q2}, a
                  | scroll of blinking {!r}, a wand of flame (6), a scroll of
                  | fear, a +0 leather armour
     0 | D:1      | Reached XP level 1. HP: 13/13 MP: 4/4
     0 | D:1      | magus.rc [v1.9.6]
   169 | D:1      | HP: 1/13 [quokka (3)]
   473 | D:1      | Reached XP level 2. HP: 7/19 MP: 5/5
  1439 | D:1      | Found Feop Xasm's Jewellery Shop.
  1669 | D:1      | Reached XP level 3. HP: 25/25 MP: 7/7
  1731 | D:1      | Found a faded altar of an unknown god.
  2114 | D:2      | HP: 4/25 [adder (3)]
  2118 | D:2      | Reached skill level 1 in Invocations
  2402 | D:2      | magus.rc [v1.9.6]
  2422 | D:2      | Reached skill level 1 in Fighting
  2422 | D:2      | Reached skill level 1 in Short Blades
  2422 | D:2      | Reached skill level 1 in Long Blades
  2422 | D:2      | Reached skill level 1 in Axes
  2422 | D:2      | Reached skill level 1 in Maces & Flails
  2422 | D:2      | Reached skill level 1 in Polearms
  2422 | D:2      | Reached skill level 1 in Slings
  2422 | D:2      | Reached skill level 1 in Bows
  2422 | D:2      | Reached skill level 1 in Crossbows
  2422 | D:2      | Reached skill level 1 in Throwing
  2422 | D:2      | Reached skill level 1 in Armour
  2422 | D:2      | Reached skill level 1 in Dodging
  2422 | D:2      | Reached skill level 1 in Shields
  2814 | D:3      | Reached skill level 3 in Spellcasting
  2814 | D:3      | Reached XP level 4. HP: 30/32 MP: 8/8
  2835 | D:3      | Reached skill level 1 in Conjurations
  2835 | D:3      | Reached skill level 1 in Hexes
  2835 | D:3      | Reached skill level 1 in Summonings
  2835 | D:3      | Reached skill level 1 in Necromancy
  2835 | D:3      | Reached skill level 1 in Translocations
  2835 | D:3      | Reached skill level 1 in Transmutations
  2835 | D:3      | Reached skill level 1 in Fire Magic
  2835 | D:3      | Reached skill level 1 in Ice Magic
  2835 | D:3      | Reached skill level 1 in Air Magic
  2835 | D:3      | Reached skill level 1 in Earth Magic
  2835 | D:3      | Reached skill level 1 in Poison Magic
  2974 | D:3      | magus.rc [v1.9.6]
  2982 | D:3      | Quit the game

Vanquished Creatures
  A centaur skeleton (D:3)
  A scorpion zombie (D:3)
  An adder (D:2)
  A worm (D:2)
  A dart slug (D:1)
  2 orcs (D:3)
  6 endoplasms
  2 giant cockroaches
  4 goblins
  3 hobgoblins
  A quokka (D:1)
  6 ball pythons
  2 bats (D:2)
  2 frilled lizards (D:1)
  4 kobolds
  5 rats
42 creatures vanquished.

Vanquished Creatures (others)
  A withered plant (D:3)
1 creature vanquished.

Grand Total: 43 creatures vanquished

Table legend:
 A = Non-vault XP
 B = Vault XP
 C = Vault XP percentage of total XP
 D = Non-vault monster count
 E = Vault monster count
 F = Vault count percentage of total count
                 A         B        C        D         E       F
            +---------+---------+-------+---------+---------+-------
      Total |      80 |      74 |  48.1 |      40 |       2 |   4.8
            +---------+---------+-------+---------+---------+-------
        D:1 |      39 |       0 |   0.0 |      24 |       0 |   0.0
        D:2 |      34 |       0 |   0.0 |      13 |       0 |   0.0
        D:3 |       7 |      74 |  91.4 |       3 |       2 |  40.0
            +---------+---------+-------+---------+---------+-------

Illustrated notes

Table legend:
 A = Kills in this place as a percentage of kills in entire the game.
 B = Kills by you in this place as a percentage of kills by you in the entire game.
 C = Kills by friends in this place as a percentage of kills by friends in the entire game.
 D = Other kills in this place as a percentage of other kills in the entire game.
 E = Experience gained in this place as a percentage of experience gained in the entire game.
 F = Experience gained in this place divided by the number of levels of this place that you have seen.
                   A       B       C       D       E      F
               +-------+-------+-------+-------+-------+----------------------
         Total | 100.0 | 100.0 |   N/A |   N/A | 100.0 |  51.3
       Dungeon | 100.0 | 100.0 |   N/A |   N/A | 100.0 |  51.3
               +-------+-------+-------+-------+-------+----------------------

Table legend: (Time is in decaauts)
 A = Elapsed time spent in this place.
 B = Non-inter-level travel time spent in this place.
 C = Inter-level travel time spent in this place.
 D = Time resting spent in this place.
 E = Time spent auto-exploring this place.
 F = Levels seen in this place.
 G = Mean time per level.
                   A        B        C        D        E       F      G
               +--------+--------+--------+--------+--------+-----+--------+
         Total |   3005 |   2946 |     59 |      0 |   2610 |   3 | 1001.7 |
       Dungeon |   3005 |   2946 |     59 |      0 |   2610 |   3 | 1001.7 |
               +--------+--------+--------+--------+--------+-----+--------+

Top non-repeatable levels by time:
     D:1: 1844 daAuts
     D:2: 974 daAuts
     D:3: 185 daAuts
